 Dungeon Crawl Stone Soup version 0.30-a0-726-gd89dcf765f (webtiles) character file.

Game seed: 5467772981880639613

135 jimonade the Skirmisher (level 4, 0/25 HPs)
             Began as a Deep Elf Hunter on Jan 29, 2023.
             Slain by a shadow imp (3 damage)
             ... in a sewer.
             The game lasted 00:03:16 (2216 turns).

jimonade the Skirmisher (Deep Elf Hunter)           Turns: 2216, Time: 00:03:16

Health: 0/25       AC:  5    Str:  8    XL:     4   Next: 97%
Magic:  6/6        EV: 12    Int: 14    God:
Gold:   51         SH:  0    Dex: 20    Spells: 3/3 levels left

rFire   . . .      SeeInvis .    a - +0 shortbow
rCold   . . .      Faith    .    (shield currently unavailable)
rNeg    . . .      Spirit   .    c - +0 leather armour
rPois   .          Reflect  .    (no helmet)
rElec   .          Harm     .    (no cloak)
rCorr   .          Rampage  .    f - +1 pair of gloves
Will    .....                    (no boots)
Stlth   ++                       (no amulet)
HPRegen 0.24/turn                (no ring)
MPRegen 0.10/turn                (no ring)

@: no status effects
A: no striking features
a: no special abilities


You were in a sewer.
You visited 1 branch of the dungeon, and saw 3 of its levels.
You also visited: Sewer.

You collected 51 gold pieces.

Inventory:

Hand Weapons
 a - a +0 shortbow (weapon)
 d - a +1 whip of electrocution
 g - a +1 short sword of protection
Armour
 c - a +0 leather armour (worn)
 f - a +1 pair of gloves (worn)
Wands
 k - a wand of iceblast (2)
Scrolls
 b - a scroll of immolation
Potions
 e - a potion of heal wounds {unknown}
 j - 2 potions of degeneration
 l - a potion of attraction
 m - a potion of might {unknown}


   Skills:
 - Level 1.5 Fighting
 + Level 8.3 Ranged Weapons
 - Level 2.4 Dodging
 - Level 1.2 Stealth


You had 3 spell levels left.
You didn't know any spells.
Your spell library was empty.

Dungeon Overview and Level Annotations

Branches:
Dungeon (3/15)              Sewer (1/1)

Altars:

Shops:
D:1 (


Message History

You feel sick.
The kobold brigand hits you with a +0 short sword!
You are too injured to fight recklessly!
You are too injured to fight recklessly!
Fire: a) +0 shortbow
Press: ? - help, Q - select action, (/) - cycle Shift-Dir - straight line, f/p - kobold brigand
Aim: a kobold brigand, wielding a +0 short sword and quivering curare-tipped darts (moderately wounded, 60% to hit)
You shoot an arrow. The arrow hits the kobold brigand!
The kobold brigand is heavily wounded.
You feel sick. The shadow imp spits at you.
Fire: a) +0 shortbow
Press: ? - help, Q - select action, (/) - cycle Shift-Dir - straight line, f/p - kobold brigand
Aim: a kobold brigand, wielding a +0 short sword and quivering curare-tipped darts (heavily wounded, 60% to hit)
You shoot an arrow. The arrow hits the kobold brigand!
The kobold brigand is severely wounded.
You feel sick.
You are no longer poisoned.
The shadow imp misses you.
The kobold brigand hits you but does no damage.
Fire: a) +0 shortbow
Press: ? - help, Q - select action, (/) - cycle Shift-Dir - straight line, f/p - kobold brigand
Aim: a kobold brigand, wielding a +0 short sword and quivering curare-tipped darts (severely wounded, 60% to hit)
You shoot an arrow. The arrow hits the kobold brigand.
The kobold brigand is severely wounded.
The shadow imp shouts, "Back with thee, thou defiled weather-bitten buzzard-bait!"
The shadow imp gestures at you. Pain shoots through your body!
* * * LOW HITPOINT WARNING * * *
The kobold brigand hits you with a +0 short sword.
* * * LOW HITPOINT WARNING * * *
A kobold brigand comes into view.
It is wielding a +0 dagger and quivering poisoned darts.
Fire: a) +0 shortbow
Press: ? - help, Q - select action, (/) - cycle Shift-Dir - straight line, f/p - kobold brigand
Aim: a kobold brigand, wielding a +0 short sword and quivering curare-tipped darts (severely wounded, 60% to hit)
You shoot an arrow.
The arrow barely misses the kobold brigand.
The kobold brigand shouts!
The shadow imp hits you.
You die...

≈≈≈≈≈≈≈≈≈≈≈≈≈~.#.~≈ ..≈
≈≈≈≈≈≈≈≈≈≈≈≈~..#.~~# 'K'#
≈≈~≈≈≈≈~≈≈~...#..~# .....
###≈#≈≈###~#.####.###..☼..
.....).......≈≈#.5.#)....§
............≈≈≈~.5K'B§._..
)............≈≈#.KK#
##≈##≈##≈###.####5##
≈≈~≈~≈≈≈≈≈≈≈...#@K≈#
≈≈≈≈≈≈≈≈≈≈≈~...#.≈≈#
≈≈≈≈≈≈≈≈≈≈≈≈≈~.#.~~#
≈≈≈≈≈≈≈≈≈≈≈≈≈~.#.~≈#
≈≈≈≈≈≈≈≈≈≈≈≈≈..#.~≈#
≈≈≈≈≈≈≈≈~.'.~≈#
###############


You could see 2 kobold brigands, 3 shadow imps, a giant cockroach and 3 kobolds.

Vanquished Creatures
  2 river rats (D:3)
  An adder (D:2)
  2 shadow imps (Sewer)
  2 ufetubi (Sewer)
  2 worms (D:2)
  6 ball pythons
  3 endoplasms (D:1)
  3 giant cockroaches
  5 goblins
  6 hobgoblins
  7 jackals (D:1)
  13 kobolds
  2 quokkas (D:1)
  6 bats
  4 frilled lizards
  6 rats
70 creatures vanquished.

Vanquished Creatures (others)
  A bat zombie (Sewer)
  An endoplasm (Sewer)
  A kobold zombie (Sewer)
3 creatures vanquished.

Grand Total: 73 creatures vanquished

Notes
Turn   | Place    | Note
-------+----------+-------------------------------------------
     0 | D:1      | jimonade the Deep Elf Hunter began the quest for the Orb.
     0 | D:1      | Reached XP level 1. HP: 12/12 MP: 3/3
    83 | D:1      | Reached XP level 2. HP: 16/16 MP: 4/4
    86 | D:1      | Reached skill level 6 in Ranged Weapons
   283 | D:1      | Found a faded altar of an unknown god.
   411 | D:1      | Found Mycoduinniy's Antique Weapon Shoppe.
   454 | D:1      | Reached XP level 3. HP: 20/20 MP: 5/5
   852 | D:2      | Reached skill level 7 in Ranged Weapons
  1271 | D:2      | Reached XP level 4. HP: 25/25 MP: 6/6
  1622 | D:3      | Found a glowing drain.
  1626 | Sewer    | Entered a sewer
  1646 | Sewer    | Reached skill level 8 in Ranged Weapons
  2202 | Sewer    | Found a burning altar of Makhleb.
  2202 | Sewer    | Noticed a kobold brigand
  2215 | Sewer    | Noticed a kobold brigand
  2216 | Sewer    | Slain by a shadow imp

Illustrated notes

Levels and vault maps discovered:
D:1:      erik_arrival_cave_to_civilisation [erik_arrival_cave_to_hall],
          layout_basic, dreamdust_ecumenical_altar_hidden_monk_grotto,
          serial_shops, shop
D:2:      layout_basic
D:3:      layout_loops_ring, mainiacjoe_overflow_24_doors,
          gup_sewer_entry_spiral, uniq_grinder, uniq_jessica, uniq_terence
Sewer:    kennysheep_sewer_church

Skill      XL: |  1  2  3  4 |
---------------+-------------+-----
Ranged Weapons | 6 7 8 |  8.3
Fighting       | |  1.5
Dodging        | |  2.4
Stealth        | |  1.2

Action                     |  1- 3 |  4- 6 || total
---------------------------+-------+-------++-------
   Fire: Shortbow          |   102 |    75 ||   177
    Use: Scroll            |       |     7 ||     7
 Armour: Leather armour    |     5 |    12 ||    17
  Dodge: Dodged            |    27 |    42 ||    69

Table legend: (Time is in decaauts)
 A = Elapsed time spent in this place.
 B = Non-inter-level travel time spent in this place.
 C = Inter-level travel time spent in this place.
 D = Time resting spent in this place.
 E = Time spent auto-exploring this place.
 F = Levels seen in this place.
 G = Mean time per level.
                   A        B        C        D        E       F      G
               +--------+--------+--------+--------+--------+-----+--------+
         Total |   2269 |   2151 |    118 |    527 |   1208 |   4 |  567.2 |
       Dungeon |   1672 |   1554 |    118 |    125 |   1110 |   3 |  557.3 |
         Sewer |    596 |    596 |      0 |    402 |     98 |   1 |  596.0 |
               +--------+--------+--------+--------+--------+-----+--------+

Top non-repeatable levels by time:
     D:1: 861 daAuts
     D:2: 621 daAuts
   Sewer: 596 daAuts
     D:3: 189 daAuts
